 Dungeon Crawl Stone Soup version 0.29.1-1-gd02db6906a (webtiles) character file.

Game seed: 14070016488953585587

7164 HakeonGodeson the Trooper (level 11, -13/83 HPs)
             Began as a Human Berserker on Sept 26, 2022.
             Was a Priest of Trog.
             Killed from afar by an acid dragon (25 damage)
             ... with a splash of acid
             ... on level 10 of the Dungeon.
             The game lasted 00:47:01 (9685 turns).

HakeonGodeson the Trooper (Human Berserker)         Turns: 9685, Time: 00:47:02

Health: -13/83     AC: 19    Str: 19    XL:     11   Next: 32%
Magic:  11/11      EV: 10    Int:  9    God:    Trog [***...]
Gold:   38         SH:  0    Dex: 14    Spells: 10/10 levels left

rFire   + . .      SeeInvis .   d - +4 halberd
rCold   + . .      Faith    .   (shield currently unavailable)
rNeg    . . .      Spirit   .   h - +4 chain mail {rF+}
rPois   .          Reflect  .   (no helmet)
rElec   .          Harm     .   (no cloak)
rCorr   .          Rampage  .   n - +2 pair of gloves
Will    +....                   (no boots)
Stlth   ..........              s - amulet of regeneration
HPRegen 1.03/turn               m - ring of protection from cold
MPRegen 0.12/turn               l - ring of willpower

@: no status effects
A: iridescent scales 1, MP-powered wands
a: Renounce Religion, Berserk, Trog's Hand


You were on level 10 of the Dungeon.
You worshipped Trog.
Trog was most pleased with you.
You visited 1 branch of the dungeon, and saw 10 of its levels.

You collected 506 gold pieces.
You spent 468 gold pieces at shops.

Inventory:

Hand Weapons
 d - a +4 halberd (weapon)
Missiles
 q - 10 boomerangs (quivered)
 y - 3 throwing nets
Armour
 b - a +0 animal skin
 h - a +4 chain mail of fire resistance (worn)
 n - a +2 pair of gloves (worn)
Jewellery
 l - a ring of willpower (right hand)
 m - a ring of protection from cold (left hand)
 s - an amulet of regeneration (around neck)
 v - a +4 ring of evasion
Scrolls
 f - a scroll of vulnerability
 j - 5 scrolls of teleportation
 k - a scroll of immolation {unknown}
 r - a scroll of torment
 t - a scroll of fog {unknown}
Potions
 a - 2 potions of attraction
 c - a potion of lignification
 g - a potion of magic
 i - a potion of brilliance {unknown}
 p - a potion of invisibility {unknown}
 u - 2 potions of ambrosia
 w - 2 potions of flight {unknown}


   Skills:
 * Level 6.8 Fighting
 * Level 6.7(8.8) Axes
 * Level 6.0(7.5) Maces & Flails
 * Level 6.1(7.5) Polearms
 * Level 4.6 Throwing
 * Level 5.8 Armour
 * Level 6.1 Dodging
 * Level 5.4 Stealth
 * Level 3.7 Evocations


You had 10 spell levels left.
You didn't know any spells.
Your spell library was empty.

Dungeon Overview and Level Annotations

Branches:
Dungeon (10/15)            Temple (0/1) D:4
   Lair: D:8-11         Orc: D:9-12

Altars:
Dithmenos
Elyvilon
Gozag
Makhleb
Nemelex Xobeh
Uskayaw
Wu Jian
Yredelemnul
The Shining One

Shops:
D:5 =   D:7 =**   D:8 [

Annotations:
D:8 2 transporters, Grum; XxsatanxX's ghost, novice MiBe


Innate Abilities, Weirdness & Mutations

You are partially covered in iridescent scales. (AC +2)
You expend magic power (3 MP) to strengthen your wands.


Message History

The warg is lightly wounded.
An orc wizard appears from thin air!
The warg bites you!
* * * LOW HITPOINT WARNING * * *
You puncture the warg!
The warg is heavily wounded.
The warg bites you but does no damage.
The orc wizard mumbles some strange words.
The orc wizard flickers and vanishes!
Deactivating autopickup; reactivate with Ctrl-A.
The warg bites you!
* * * LOW HITPOINT WARNING * * *
You slash the warg!
The warg is severely wounded.
The warg bites you but does no damage.
You barely miss the warg.
The warg is severely wounded.
The warg bites you but does no damage. The warg barely misses you.
You hit the warg.
The warg is severely wounded.
The warg bites you but does no damage.
You miss the warg.
The warg is severely wounded.
The warg bites you but does no damage. The warg barely misses you.
You closely miss the warg.
The warg is severely wounded.
The warg closely misses you.
You puncture the warg!
The warg is almost dead.
The warg completely misses you.
You slash the warg!
You kill the warg!
Trog accepts your kill.
You slash something!
You hear some strange, mumbled words.
A magic dart appears from out of thin air!
The magic dart hits you but does no damage.
You hit something. The acid dragon spits acid at you.
The splash of acid hits you!!
You die...

## ##. #.## ##.
##...###.. ##...##....
###......(..#
##.#.8.8.[..#
#..#.._.....##
...########..)........#.
.......@{Do.............
..##########..#.........
####.........
##.#.........(
##............#
#.............
##............
#.........#..
...#.#:.....#o#


You could see an acid dragon (catching breath) and an orc wizard.

Vanquished Creatures
  Fannar (D:10)
  A two-headed ogre (D:6)
  The ghost of Juicyj the Destroyer, a novice DECj of Sif Muna (D:9)
  An unseen horror (D:10)
  A kobold demonologist (D:9)
  A hornet (D:8)
  Grinder (D:5)
  Sigmund (D:5)
  3 wyverns
  2 vampire mosquitoes (D:9)
  2 wargs (D:10)
  3 water moccasins
  2 ice beasts (D:6)
  2 sky beasts
  2 orc warriors (D:8)
  4 ogres
  3 centaurs
  A phantom (D:4)
  4 bullfrogs
  A scorpion (D:5)
  4 wights (D:9)
  12 killer bees (D:9)
  2 howler monkeys (D:9)
  3 jellies
  4 orc priests
  A gnoll bouda (D:9)
  6 hounds
  Jessica (D:2)
  8 iguanas
  An orc wizard (D:10)
  Natasha (thrice) (D:2)
  10 gnolls
  6 adders
  2 shadow imps (D:7)
  A white imp (D:7)
  3 worms
  A dart slug (D:1)
  31 orcs
  A ball python (D:4)
  5 bats
  6 endoplasms
  4 giant cockroaches
  3 goblins
  6 hobgoblins
  3 jackals (D:4)
  4 quokkas
  2 frilled lizards
  8 kobolds
  4 rats
182 creatures vanquished.

Vanquished Creatures (others)
  6 plants (D:8)
6 creatures vanquished.

Grand Total: 188 creatures vanquished

Notes
Turn   | Place    | Note
-------+----------+-------------------------------------------
     0 | D:1      | HakeonGodeson the Human Berserker began the quest for the
                  | Orb.
     0 | D:1      | Reached XP level 1. HP: 18/18 MP: 1/1
     9 | D:2      | Noticed Jessica
    13 | D:2      | Killed Jessica
    14 | D:2      | Reached XP level 2. HP: 24/24 MP: 2/2
    14 | D:2      | Reached XP level 3. HP: 29/29 MP: 3/3
   427 | D:2      | Noticed Natasha
   440 | D:2      | Killed Natasha
   441 | D:2      | Reached skill level 1 in Stealth
   441 | D:2      | Reached XP level 4. HP: 36/36 MP: 4/4
   660 | D:2      | Noticed Natasha
   668 | D:2      | Killed Natasha
   817 | D:2      | Reached XP level 5. HP: 36/42 MP: 5/5
   867 | D:2      | Noticed Natasha
   876 | D:2      | Killed Natasha
  1195 | D:1      | Found a faded altar of an unknown god.
  2136 | D:3      | Reached XP level 6. HP: 48/48 MP: 6/6
  2305 | D:3      | Reached skill level 1 in Throwing
  2382 | D:3      | Found an ornate altar of the Wu Jian Council.
  3061 | D:4      | Noticed an ogre
  3067 | D:4      | Killed an ogre
  3136 | D:4      | Reached ** piety under Trog
  3194 | D:4      | Reached skill level 1 in Polearms
  3234 | D:4      | Reached XP level 7. HP: 22/55 MP: 7/7
  3393 | D:4      | Found a staircase to the Ecumenical Temple.
  3458 | D:4      | Reached skill level 1 in Maces & Flails
  3981 | D:5      | Entered Level 5 of the Dungeon
  3984 | D:5      | Noticed Grinder
  4139 | D:5      | Noticed a water moccasin
  4140 | D:5      | Killed Grinder
  4141 | D:5      | Reached skill level 5 in Axes
  4141 | D:5      | Reached XP level 8. HP: 61/61 MP: 8/8
  4152 | D:4      | Gained mutation: You are partially covered in iridescent
                  | scales. (AC +2) [potion of mutation]
  4152 | D:4      | Gained mutation: You expend magic power (3 MP) to
                  | strengthen your wands. [potion of mutation]
  4166 | D:4      | HP: 3/61 [poisoned by a water moccasin]
  4169 | D:4      | HP: 1/61 [poisoned by a water moccasin]
  4516 | D:5      | Found Kadevoshru's Jewellery Shoppe.
  4689 | D:5      | Noticed Sigmund
  4699 | D:5      | Killed Sigmund
  4700 | D:5      | Reached skill level 5 in Fighting
  4978 | D:5      | Found a burning altar of Makhleb.
  5173 | D:6      | Noticed a two-headed ogre
  5188 | D:6      | Killed a two-headed ogre
  5189 | D:6      | Reached skill level 1 in Evocations
  5189 | D:6      | Reached XP level 9. HP: 47/68 MP: 9/9
  5249 | D:6      | You fall into a shaft and drop 2 floors!
  5249 | D:8      | Found Yfyid's Antique Armour Shop.
  5252 | D:8      | Bought a glowing chain mail for 195 gold pieces
  5322 | D:8      | Reached skill level 5 in Dodging
  5383 | D:7      | Found Gozag's Platinum Reserve.
  5396 | D:7      | Found an opulent altar of Gozag.
  5744 | D:6      | Found a white marble altar of Elyvilon.
  6499 | D:7      | Reached XP level 10. HP: 76/76 MP: 10/10
  6535 | D:7      | Found Damuelix's One-of-a-Kind Rings.
  6726 | D:7      | Found Extid's General Store.
  6735 | D:7      | Bought a wand of quicksilver (5) for 273 gold pieces
  7140 | D:7      | Found a hide-covered altar of Uskayaw.
  7206 | D:7      | Reached skill level 5 in Maces & Flails
  7574 | D:8      | Found a transporter.
  7589 | D:8      | Noticed XxsatanxX's ghost (novice MiBe)
  7591 | D:8      | Identified the ring of Legup {*Slow rF+ Will+ rCorr Int+5}
  7599 | D:8      | Noticed Grum
  7655 | D:8      | Found a transporter.
  7817 | D:8      | Found a glowing golden altar of the Shining One.
  7817 | D:8      | Found a basalt altar of Yredelemnul.
  7831 | D:8      | Found a shadowy altar of Dithmenos.
  8112 | D:9      | Noticed Juicyj's ghost (novice DECj)
  8117 | D:9      | Found a runed translucent door.
  8526 | D:9      | Reached skill level 5 in Armour
  8643 | D:9      | Killed Juicyj's ghost
  9056 | D:9      | Noticed a kobold demonologist
  9069 | D:9      | Killed a kobold demonologist
  9070 | D:9      | Reached skill level 5 in Stealth
  9109 | D:9      | Reached *** piety under Trog
  9337 | D:10     | Entered Level 10 of the Dungeon
  9369 | D:9      | Reached skill level 5 in Polearms
  9373 | D:9      | Reached XP level 11. HP: 63/83 MP: 11/11
  9405 | D:10     | Found a sparkling altar of Nemelex Xobeh.
  9586 | D:10     | Noticed Fannar
  9656 | D:10     | Killed Fannar
  9676 | D:10     | HP: 1/83 [warg (7)]
  9685 | D:10     | Killed from afar by an acid dragon

Illustrated notes

Levels and vault maps discovered:
D:1:      dpeg_arrival_refuge, layout_basic, basic_ecumenical_altar,
          serial_bayou_pond_a
D:2:      layout_loops_ring, uniq_natasha, uniq_jessica
D:3:      layout_loops_corners, nicolae_wu_jian_immortal_techniques
D:4:      layout_gridville, minmay_temple_entry_tees
D:5:      layout_cave_pools, mainiacjoe_overflow_surrounded_room, serial_shops,
          nicolae_diamond_shop, serial_column_ruins, column_ruins_circle_large,
          column_ruins_circle_small, column_ruins_open_tiny_water,
          column_ruins_corridor_T, column_ruins_columns_dead_end,
          column_ruins_columns_straight, column_ruins_open_tiny_water,
          column_ruins_columns_dead_end, nicolae_concentric_dashed_squares_mild,
          uniq_grinder, uniq_sigmund
D:6:      layout_loops_ring, elyvilon_altar_4, grunt_decor_one_mirror,
          minmay_quadrilaterals
D:7:      layout_loops_corners, nicolae_gozag_zags_fifth_avenue,
          lemuel_round_altar, serial_shops, shop, nicolae_shop_unique_rings,
          dreamdust_princess_bridge, minmay_strange_pillars
D:8:      layout_loops_ring, grunt_temple_overflow_open,
          gammafunk_ghost_gnarly_gnolls, serial_shops, shop
D:9:      layout_basic, hellmonk_ghost_happy_afterlife
D:10:     hangedman_cross_stitches, layout_cave_pools,
          nicolae_overflow_hallway_of_the_gods, okawaru_ov_weapons_minmay,
          erik_lair_orcish_takeover, hangedman_feature_mirror,
          wad_floor_pattern_untrapped, uniq_fannar

Skill      XL: |  1  2  3  4  5  6  7  8  9 10 11 |
---------------+----------------------------------+-----
Stealth        | 1 2 3 4 5 |  5.4
Axes           | 4 5 6 |  6.7
Fighting       | 4 5 6 |  6.8
Throwing       | 1 2 3 4 |  4.6
Polearms       | 1 2 3 5 6 |  6.1
Maces & Flails | 2 3 4 5 6 |  6.0
Dodging        | 3 4 5 6 |  6.1
Armour         | 3 4 5 |  5.8
Evocations     | 1 2 3 |  3.7

Action                   |  1- 3 |  4- 6 |  7- 9 | 10-12 || total
-------------------------+-------+-------+-------+-------++-------
Melee: Hand axe          |    35 |   130 |       |       ||   165
       Punch             |       |     5 |     4 |       ||     9
       Mace              |       |    25 |   266 |   114 ||   405
       Spear             |       |    21 |       |       ||    21
       Halberd           |       |       |       |   205 ||   205
Throw: Dart              |       |     4 |       |    16 ||    20
       Boomerang         |       |     4 |    16 |     7 ||    27
Invok: Berserk           |     2 |     6 |    10 |     8 ||    26
Evoke: Wand              |       |       |     1 |     6 ||     7
  Use: Scroll            |       |     5 |     5 |     9 ||    19
       Potion            |       |     1 |     7 |     9 ||    17
 Stab: Sleeping          |       |     3 |       |       ||     3
Armor: Animal skin       |     5 |    42 |    60 |       ||   107
       Skin              |       |     7 |     3 |       ||    10
       Chain mail        |       |       |    96 |   379 ||   475
Dodge: Dodged            |    31 |   113 |   167 |   239 ||   550
